 Dungeon Crawl Stone Soup version 0.29.1 (webtiles) character file.

Game seed: 14144349596647018116

25 Icepheonix32 the Insei (level 3, -1/26 HPs)
             Began as a Merfolk Transmuter on Sept 13, 2022.
             Succumbed to an adder's poison
             ... on level 2 of the Dungeon.
             The game lasted 00:02:00 (1412 turns).

Icepheonix32 the Insei (Merfolk Transmuter)         Turns: 1412, Time: 00:02:00

Health: -1/26      AC:  3    Str: 10    XL:     3   Next: 4%
Magic:  6/6        EV: 13    Int: 12    God:
Gold:   32         SH:  0    Dex: 14    Spells: 5/6 levels left

rFire   . . .      SeeInvis .   j - +2 sling (vorpal)
rCold   . . .      Faith    .   (no shield)
rNeg    . . .      Spirit   .   a - +0 robe
rPois   .          Reflect  .   (no helmet)
rElec   .          Harm     .   m - +0 cloak
rCorr   .          Rampage  .   (no gloves)
Will    +....                   (no boots)
Stlth   +.........              (no amulet)
HPRegen 0.08/turn               (no ring)
MPRegen 0.10/turn               (no ring)

@: lethally poisoned (-1 -> -9)
A: (nimble swimmer 2), mertail, clumsy 1, strong-willed 1
a: no special abilities


You were on level 2 of the Dungeon.
You visited 1 branch of the dungeon, and saw 2 of its levels.

You collected 32 gold pieces.

Inventory:

Hand Weapons
 j - a +2 vorpal sling (weapon)
Missiles
 k - 27 stones
Armour
 a - a +0 robe (worn)
 m - a +0 cloak (worn)
Magical Staves
 h - a staff of earth
Scrolls
 d - a scroll of identify {unknown}
 e - a scroll of vulnerability {unknown}
 g - 2 scrolls of teleportation {unknown}
 i - a scroll of immolation {unknown}
 l - a scroll of enchant weapon {unknown}
Potions
 b - a potion of lignification
 f - a potion of flight {unknown}


   Skills:
 - Level 1.1 Fighting
 + Level 3.1 Dodging
 + Level 4.1 Unarmed Combat
 - Level 2.0 Spellcasting
 + Level 3.1 Transmutations


You had 5 spell levels left.
You knew the following spells:

 Your Spells              Type           Power      Damage    Failure   Level
a - Beastly Appendage     Tmut           16%        N/A       8%          1

Your spell library contained the following spells:

 Spells                   Type           Power      Damage    Failure   Level
 Wereblood                Tmut           8%         N/A       12%         2
 Scorch                   Fire           2%         2d5       38%         2
 Spider Form              Tmut/Pois      4%         N/A       41%         3
 Ice Form                 Ice/Tmut       4%         N/A       82%         4
 Flame Wave               Conj/Fire      1%         2d4       95%         4
 Summon Cactus Giant      Summ           0%         N/A       100%        6


Dungeon Overview and Level Annotations

Branches:
Dungeon (2/15)

Altars:


Innate Abilities, Weirdness & Mutations

((You are very nimble when in or above water. (Stealth+, EV+, Speed+++)))
Your lower body shifts to a powerful aquatic tail in water.
You are clumsy. (Dex -2)
You are strong-willed. (Will+)


Message History

You are poisoned.
The adder poisons you!
You miss the adder. Your headbutt misses the adder.
The adder is severely wounded.
You feel sick. The adder misses you.
You clumsily bash the adder but do no damage.
The adder is severely wounded.
You feel sick. The adder bites you but does no damage.
The adder barely misses you.
You closely miss the adder.
The adder is severely wounded.
You feel sick. The adder misses you. x2
You closely miss the adder.
The adder is severely wounded.
You feel sick.
You are no longer poisoned.
The adder bites you.
You are poisoned.
The adder poisons you! The adder completely misses you.
You clumsily bash the adder but do no damage.
Your headbutt misses the adder.
The adder is severely wounded.
Your horns disappear.
* * * LOW HITPOINT WARNING * * *
You feel sick. The adder closely misses you. x2
You clumsily bash the adder but do no damage.
The adder is severely wounded.
* * * LOW HITPOINT WARNING * * *
You feel sick. The adder closely misses you. x2
Unknown command.
Okay, then.
You miss the adder.
The adder is severely wounded.
You feel sick. The adder barely misses you. The adder bites you.
* * * LOW HITPOINT WARNING * * *
You are more poisoned.
The adder poisons you!
It was a potion of mutation.
You feel extremely strange.
You feel clumsy.
You feel strong-willed.
You die...

.......####.###.#
....... #.....#
...#### ##.#### .#
#.# ##.# ###..##
#..#..##
...#...#.##
.......#..@S#
.....#...#........
.......#....######
............#
...........#
..........#
........#
........#


You could see an adder.

Vanquished Creatures
  3 bats (D:1)
  2 endoplasms (D:1)
  5 goblins (D:1)
  A kobold (D:1)
  3 ball pythons (D:1)
  7 frilled lizards (D:1)
  3 rats (D:1)
24 creatures vanquished.

Notes
Turn   | Place    | Note
-------+----------+-------------------------------------------
     0 | D:1      | Icepheonix32 the Merfolk Transmuter began the quest for the
                  | Orb.
     0 | D:1      | Reached XP level 1. HP: 15/15 MP: 3/3
   140 | D:1      | Reached XP level 2. HP: 5/21 MP: 5/5
   908 | D:1      | Reached skill level 4 in Unarmed Combat
  1024 | D:1      | Reached XP level 3. HP: 18/26 MP: 6/6
  1411 | D:2      | HP: 1/26 [adder (2)]
  1412 | D:2      | Gained mutation: You are clumsy. (Dex -2) [potion of
                  | mutation]
  1412 | D:2      | Gained mutation: You are strong-willed. (Will+) [potion of
                  | mutation]
  1412 | D:2      | Succumbed to an adder's poison

Illustrated notes

Levels and vault maps discovered:
D:1:      dpeg_arrival_castle, layout_loops_ring, skrybe_limestone_x
D:2:      layout_basic, hangedman_decor_clover_reticule, hex_tiny

Skill      XL: |  1  2 |
---------------+-------+-----
Dodging        | 3 |  3.1
Transmutations | 3 |  3.1
Unarmed Combat | 4 |  4.1
Fighting       | |  1.1
Spellcasting   | |  2.0

Action                   || total
-------------------------++-------
Melee: Unarmed           ||    36
       Headbutt          ||     4
       Tailslap          ||     1
       Sling             ||    10
       Punch             ||     1
 Fire: Sling             ||    32
 Cast: Beastly Appendage ||     6
  Use: Potion            ||     1
Armor: Robe              ||    16
Dodge: Dodged            ||    69
